 Dungeon Crawl Stone Soup version 0.22-a0-848-ge9e22a0 (webtiles) character file.

15 Leszczynek the Cutter (level 2, -2/18 HPs)
             Began as a Deep Elf Monk on July 26, 2018.
             Slain by a goblin
             ... wielding a +0 dagger
             ... led by Robin
              (4 damage)
             ... on level 1 of the Dungeon.
             The game lasted 00:03:09 (497 turns).

Leszczynek the Cutter (Deep Elf Monk)                Turns: 497, Time: 00:03:11

Health: -2/18      AC:  2    Str:  8    XL:     2   Next: 34%
Magic:  4/4        EV: 20    Int: 14    God:
Gold:   20         SH:  0    Dex: 22    Spells: 1/1 levels left

rFire    . . .     SeeInvis .   a - +0 short sword
rCold    . . .     Gourm    .   (no shield)
rNeg     . . .     Faith    .   b - +0 robe
rPois    .         Spirit   .   (no helmet)
rElec    .         Reflect  .   (no cloak)
rCorr    .         Harm     .   (no gloves)
MR       .....                  (no boots)
Stlth    ++++......             (no amulet)
HPRegen  0.06/turn              (no ring)
MPRegen  0.09/turn              (no ring)

@: agile
A: no striking features
a: no special abilities


You were on level 1 of the Dungeon.
You were not hungry.

You visited 1 branch of the dungeon, and saw 2 of its levels.

You collected 20 gold pieces.

Inventory:

Hand Weapons
 a - a +0 short sword (weapon)
Missiles
 h - 14 arrows
Armour
 b - a +0 robe (worn)
Scrolls
 e - a scroll of identify {unknown}
 g - a scroll of amnesia {unknown}
Comestibles
 c - 3 chunks of flesh
 d - a ration


   Skills:
 - Level 2.4 Fighting
 + Level 3.8 Short Blades
 - Level 3.6 Dodging
 - Level 2.4 Stealth


You had one spell level left.
You didn't know any spells.
Your spell library was empty.

Dungeon Overview and Level Annotations

Branches:
Dungeon (2/15)

Altars:
Makhleb

Annotations:
D:2 Robin


Message History

* * * LOW HITPOINT WARNING * * *
You climb upwards.
There is a stone staircase leading down here.
You closely miss the goblin. The goblin barely misses you.
You completely miss the goblin. The goblin completely misses you.
You hit the goblin but do no damage. You barely miss the goblin.
The goblin hits you with a dagger.
* * * LOW HITPOINT WARNING * * *
Okay, then.
You hit the goblin.
The goblin is heavily wounded.
The goblin hits you with a dagger.
* * * LOW HITPOINT WARNING * * *
It was a potion of agility.
You feel agile all of a sudden. The goblin closely misses you.
You closely miss the goblin.
The goblin is heavily wounded.
The goblin hits you with a dagger.
You die...

########## ######
#........#### #....#
#...........## #....#
#.........#..# #....#
#........###.###....####
#......g@......'........
#...[....###.###(...###
#........# #.###r...####
#........# #.##.........
###...##.###.#..#####.##
#...#......#.####.# ..
#####......#.r..#.####
#......##.#......#
#.......#.###.#####


You could see a goblin.

Vanquished Creatures
  A leopard gecko (D:1)
  2 bats
  A giant cockroach (D:1)
  3 goblins
  2 hobgoblins
  A ball python (D:1)
  A kobold (D:1)
  3 rats
14 creatures vanquished.

Notes
Turn   | Place    | Note
-------+----------+-------------------------------------------
     0 | D:1      | Leszczynek the Deep Elf Monk began the quest for the Orb.
     0 | D:1      | Reached XP level 1. HP: 13/13 MP: 3/3
   118 | D:1      | HP: 2/13 [goblin (3)]
   167 | D:1      | HP: 2/13 [rat (1)]
   181 | D:1      | Reached XP level 2. HP: 11/18 MP: 4/4
   190 | D:1      | this is just sad
   213 | D:1      | but hey, i have curing identified
   377 | D:2      | Found a burning altar of Makhleb.
   394 | D:2      | Noticed Robin
   494 | D:1      | HP: 3/18 [goblin/dagger[Robin] (1)]
   495 | D:1      | HP: 1/18 [goblin/dagger[Robin] (2)]
   497 | D:1      | Slain by a goblin

Vault maps used:
D:1:      shiori_arrival_maze, serial_curves, eino_curves_03, eino_curves_04,
          kennysheep_nondescript, grunt_decor_one_mirror
D:2:      cheibrodos_greedy_goblins, kennysheep_ying_yang, bloody_makhleb,
          uniq_robin

Action                   || total
-------------------------++-------
Melee: Short sword       ||    60
  Use: Potion            ||     2
 Stab: Sleeping          ||     2
Armor: Robe              ||     5
Dodge: Dodged            ||    40

Table legend:
 A = Spawn XP
 B = Non-spawn XP
 C = Spawn XP percentage of total XP
 D = Spawn monster count
 E = Non-spawn monster count
 F = Spawn count percentage of total count
 G = Total turns spent on level
                    A         B        C        D         E        F      G
               +---------+---------+-------+---------+---------+-------+---------
         Total |       0 |      22 |   0.0 |       0 |      14 |   0.0 |   497
               +---------+---------+-------+---------+---------+-------+---------
           D:1 |       0 |      15 |   0.0 |       0 |       9 |   0.0 |   257
           D:2 |       0 |       7 |   0.0 |       0 |       5 |   0.0 |   240
               +---------+---------+-------+---------+---------+-------+---------
